cohdb
Replays
Latest Replays
All Replays
Popular Replays
Top Player Replays
Match Explorer
How It Works
Community
CoH3 Stats
Reddit
Sign in to upload your games and track your stats! →
Sign in with Steam
Match 37573150
Unlisted
Match 37573150
Overview
Messages
Build Orders
End
Vickers Machine Gun Team
Construct Section Command Post
Infantry Section
Infantry Section
Infantry Section
Construct Platoon Command Post
Humber Armored Car
Grenade Package
Infantry Section
Selects Heavy Armor Battlegroup
Selects Rigorous Vehicle Training
6-pounder Anti-tank Gun Team
Construct Company Command Post
Selects Crusader AA Medium Tank
Selects UNKNOWN (2162094)
Churchill IV Heavy Tank
Infantry Section
Royal Engineer Section
Churchill IV Heavy Tank
Selects Light Vehicle Withdraw and Refit
Selects Radio Net
Royal Engineer Section
Felix
Tanzdiktator
deadsadbadmad
Alessandro-9891
0
0
Comments
sign in to comment!
No comments posted yet!